 Dungeon Crawl Stone Soup version 0.27-a0-1071-ga85bd9520d (console) character file.

Game seed: 12210388914370196301

96 nht the Digger (level 4, -4/30 HPs)
             Began as a Demonspawn Earth Elementalist on Apr 24, 2021.
             Slain by a wyvern skeleton (8 damage)
             ... on level 2 of the Dungeon.
             The game lasted 00:02:15 (1405 turns).

nht the Digger (Demonspawn Earth Elementalist)      Turns: 1405, Time: 00:02:16

Health: -4/30      AC:  3    Str:  8    XL:     4   Next: 41%
Magic:  3/7        EV: 12    Int: 17    God:
Gold:   49         SH:  4    Dex: 14    Spells: 6/7 levels left

rFire    . . .     SeeInvis .   f - +0 dagger (venom)
rCold    . . .     Faith    .   (no shield)
rNeg     . . .     Spirit   .   c - +0 robe
rPois    .         Reflect  .   (helmet restricted)
rElec    .         Harm     .   (no cloak)
rCorr    .         Rampage  .   (no gloves)
Will     .....                  j - +0 pair of boots
Stlth    ++........             (no amulet)
HPRegen  0.10/turn              (no ring)
MPRegen  0.10/turn              (no ring)

@: no status effects
A: antennae 1, condensation shield
a: no special abilities


You were on level 2 of the Dungeon.
You visited 1 branch of the dungeon, and saw 2 of its levels.

You collected 49 gold pieces.

Inventory:

Hand Weapons
 d - a +0 dagger
 f - a +0 dagger of venom (weapon)
Missiles
 b - 15 stones
Armour
 a - a +2 helmet
 c - a +0 robe (worn)
 j - a +0 pair of boots (worn)
Scrolls
 g - a scroll of brand weapon {unknown}
 h - a scroll of blinking {unknown}
 k - 3 scrolls of enchant weapon {unknown}
 l - 2 scrolls of immolation {unknown}
 o - a scroll of magic mapping {unknown}
 p - a scroll of identify {unknown}
Potions
 e - 2 potions of lignification {unknown}
 i - a potion of curing {unknown}
 m - 2 potions of magic {unknown}
 n - a potion of heal wounds {unknown}


   Skills:
 - Level 1.7 Dodging
 - Level 1.7 Stealth
 - Level 2.0 Spellcasting
 - Level 0.8 Transmutations
 + Level 4.8 Earth Magic


You had 6 spell levels left.
You knew the following spells:

 Your Spells              Type           Power      Damage    Failure   Level
a - Sandblast             Erth           36%        2d10      2%          1

Your spell library contained the following spells:

 Spells                   Type           Power      Damage    Failure   Level
 Passwall                 Tmut/Erth      9%         N/A       9%          2
 Stone Arrow              Conj/Erth      18%        3d8       22%         3
 Petrify                  Tmut/Erth      11%        N/A       52%         4
 Lee's Rapid Deconstruct  Erth           9%         3d8*      58%         5


Dungeon Overview and Level Annotations

Branches:
Dungeon (2/15)

Altars:

Shops:
D:1 =


Innate Abilities, Weirdness & Mutations

You have a pair of small antennae on your head.
A meltable shield of frost defends you. (SH +4)


Message History

You kill the adder!
The blast of sand hits the kobold.
The kobold is heavily wounded.
The blast of sand hits the kobold!
You kill the kobold!
Things that are here:
a +0 dagger; a bat corpse
k - 3 scrolls labelled CEVIRU WOMUDO
l - a scroll labelled ISYDAN AGAMPE You now have 44 gold pieces (gained 7).
m - 2 sedimented red potions
n - a metallic amethyst potion
b - 19 stones (gained 16)
o - a scroll labelled SIXEMA TEATH
l - 2 scrolls labelled ISYDAN AGAMPE (gained 1)
p - a scroll labelled NUBBUO HIAF
Things that are here:
a +0 dagger; a bat corpse You now have 49 gold pieces (gained 5).
A wyvern skeleton comes into view.
The blast of sand hits the wyvern skeleton.
The wyvern skeleton is lightly damaged.
The wyvern skeleton bites you.
The blast of sand hits the wyvern skeleton.
The wyvern skeleton is moderately damaged.
The wyvern skeleton bites you!
The blast of sand hits the wyvern skeleton!
The wyvern skeleton is heavily damaged.
The wyvern skeleton bites you!
* * * LOW HITPOINT WARNING * * *
You are too injured to fight recklessly!
Casting: Sandblast (safe; 2% risk of failure)
Confirm with . or Enter, or press ? or * to list all spells.
Aiming: Sandblast (safe; 2% risk of failure)
Press: ? - help, Shift-Dir - straight line, f/p - wyvern skeleton
Aim: a wyvern skeleton (heavily damaged, 98% to hit)
The blast of sand hits the wyvern skeleton!
The wyvern skeleton is almost destroyed.
The wyvern skeleton bites you!
You die...

█..██████..█ ███
█.██..█....██.██ █..
..█...†.()..█..█ █.█
█.█...)...[.█..█
█.███.█..█......█..█
█.██..█..█......█..█
█.██..██.██....██.██
█......█..██████..█
█......██...Z@...██
█.██.█..(......███
█.█..█.......███
█.█..█...........
█.█..█.█......███
█.█.██.████████ █.█.
..█ ████.██████
.....█


You could see a wyvern skeleton.

Vanquished Creatures
  Jessica (D:2)
  3 adders (D:2)
  2 dart slugs (D:1)
  5 ball pythons (D:1)
  2 bats
  6 endoplasms
  2 giant cockroaches (D:1)
  3 goblins (D:1)
  2 hobgoblins (D:1)
  4 kobolds
  2 quokkas (D:1)
  3 frilled lizards (D:1)
  2 rats (D:1)
37 creatures vanquished.

Vanquished Creatures (others)
  10 toadstools (D:2)
10 creatures vanquished.

Grand Total: 47 creatures vanquished

Notes
Turn   | Place    | Note
-------+----------+-------------------------------------------
     0 | D:1      | nht the Demonspawn Earth Elementalist began the quest for
                  | the Orb.
     0 | D:1      | Reached XP level 1. HP: 13/13 MP: 3/3
    17 | D:1      | Found Huagh's Jewellery Shoppe.
    47 | D:1      | Reached skill level 3 in Earth Magic
   159 | D:1      | Gained mutation: A meltable shield of frost defends you.
                  | (SH +4) [demonic ancestry]
   159 | D:1      | Reached XP level 2. HP: 19/19 MP: 3/5
   595 | D:1      | Gained mutation: You have a pair of small antennae on your
                  | head. [demonic ancestry]
   595 | D:1      | Reached XP level 3. HP: 24/24 MP: 4/6
   702 | D:1      | Reached skill level 4 in Earth Magic
  1207 | D:2      | Noticed Jessica
  1214 | D:2      | Killed Jessica
  1252 | D:2      | Reached XP level 4. HP: 30/30 MP: 5/7
  1405 | D:2      | Slain by a wyvern skeleton

Illustrated notes

Levels and vault maps discovered:
D:1:      noname_arrival_rooms_in_the_neighbourhood, layout_loops_ring,
          serial_shops, nicolae_shop_stone, st_stairs_12,
          kennysheep_another_room, minmay_misc_feat_room, chequers_arboretum,
          minmay_distorted
D:2:      cheibrodos_fertilizer, layout_basic, minmay_randomly_rotated_circles,
          uniq_jessica

Skill      XL: |  1  2  3 |
---------------+----------+-----
Earth Magic    | 3 4 |  4.8
Dodging        | |  1.7
Stealth        | |  1.7
Spellcasting   | |  2.0
Transmutations | |  0.8

Action                   |  1- 3 |  4- 6 || total
-------------------------+-------+-------++-------
Melee: Dagger            |    11 |       ||    11
 Cast: Sandblast         |    32 |    11 ||    43
 Stab: Sleeping          |     3 |       ||     3
Armor: Robe              |     2 |       ||     2
Dodge: Dodged            |     6 |       ||     6
Block: Other             |     4 |       ||     4

Table legend: (Time is in decaauts)
 A = Elapsed time spent in this place.
 B = Non-inter-level travel time spent in this place.
 C = Inter-level travel time spent in this place.
 D = Time resting spent in this place.
 E = Time spent auto-exploring this place.
 F = Levels seen in this place.
 G = Mean time per level.
                   A        B        C        D        E       F      G
               +--------+--------+--------+--------+--------+-----+--------+
         Total |   1403 |   1381 |     22 |      0 |   1176 |   2 |  701.5 |
       Dungeon |   1403 |   1381 |     22 |      0 |   1176 |   2 |  701.5 |
               +--------+--------+--------+--------+--------+-----+--------+

Top non-repeatable levels by time:
     D:1: 1131 daAuts
     D:2: 272 daAuts
